 Dungeon Crawl Stone Soup version 0.32-a0-931-g5a2cda0630 (webtiles) character file.

Game seed: 15048113018174099321

127710 temujin the Eclecticist (level 16, -17/93 HPs)
             Began as a Deep Elf Conjurer on Apr 13, 2024.
             Was a High Priest of Sif Muna.
             Killed from afar by an eleionoma (33 damage)
             ... with a spray of wooden splinters
             ... on level 4 of the Swamp.
             The game lasted 01:53:46 (24911 turns).

temujin the Eclecticist (Deep Elf Conjurer)        Turns: 24911, Time: 01:53:48

Health: -17/93     AC: 14    Str:  4    XL:     16   Next: 46%
Magic:  19/49      EV: 19    Int: 38    God:    Sif Muna [*****.]
Gold:   2437       SH:  0    Dex: 19    Spells: 5/52 levels left

rFire   + + .        X - +7 hand axe of Scuffed True Grit {freeze, rC+ Will+ MP+9}
rCold   + + .        (no shield)
rNeg    . . .        Z - +2 leather armour {rC+ rF+}
rPois   +            V - +1 hat {Will+}
rElec   .            z - +0 cloak {Stlth+}
rCorr   .            Y - +0 pair of gloves
SInv    +            C - +4 pair of boots of the Dice {rPois Dex+2}
Will    +++..        j - amulet "Feth" {RegenMP+ Dex+4 Slay+3 SInv}
Stlth   ++           W - ring "Qeck" {+Blink rF+ Int+6 Slay-3}
HPRegen 0.35/turn    N - +5 ring of evasion
MPRegen 0.71/turn

%: no passive effects
@: channelling, on blink cooldown, very slightly contaminated, very slow
A: no striking features
a: Renounce Religion, Evoke Blink, Channel Magic, Forget Spell, Divine Exegesis


You were on level 4 of the Swamp.
You worshipped Sif Muna.
Sif Muna was extremely pleased with you.
You visited 5 branches of the dungeon, and saw 24 of its levels.
You also visited: Ossuary, Ice Cave and Volcano.

You collected 3209 gold pieces.
You spent 772 gold pieces at shops.

Inventory:

Hand Weapons
 X - the +7 hand axe of Scuffed True Grit (weapon) {freeze, rC+ Will+ MP+9}
   (You took it off a kobold demonologist on level 12 of the Dungeon)

   rC+:       It protects you from cold.
   Will+:     It increases your willpower.
   MP+9:      It affects your magic capacity (+9).
Missiles
 g - 25 poisoned darts
 I - 3 throwing nets
Armour
 z - a +0 cloak of stealth (worn)
 B - a scarf of harm
 C - the +4 pair of boots of the Dice (worn) {rPois Dex+2}
   (You bought it in a shop on level 12 of the Dungeon)

   Dex+2:     It affects your dexterity (+2).
   rPois:     It protects you from poison.
 V - a +1 hat of willpower (worn)
 Y - a +0 pair of gloves (worn)
 Z - a +2 leather armour of resistance (worn)
Magical Staves
 f - a staff of cold
 P - a staff of conjuration
Jewellery
 j - the amulet "Feth" (around neck) {RegenMP+ Dex+4 Slay+3 SInv}
   (You found it on level 2 of the Dungeon)

   [amulet of magic regeneration]

   It increases your rate of magic regeneration.
   Dex+4:     It affects your dexterity (+4).
   Slay+3:    It affects your accuracy & damage with ranged weapons and melee
   (+3).
   SInv:      It lets you see invisible.
   RegenMP+:  It increases your rate of magic regeneration.
 n - a ring of protection from cold
 r - a +6 ring of dexterity
 s - an amulet of magic regeneration
 x - the ring of Xohoumn {rN+ Stlth+}
   (You found it in an ice cave)

   [ring of positive energy]

   rN+:       It protects you from negative energy.
   Stlth+:    It makes you more stealthy.
 J - a ring of magical power
 N - a +5 ring of evasion (right hand)
 Q - a +6 ring of strength
 T - a ring of fire
 W - the ring "Qeck" (left hand) {+Blink rF+ Int+6 Slay-3}
   (You found it on level 2 of the Lair of Beasts)

   [ring of protection from fire]

   Int+6:     It affects your intelligence (+6).
   Slay-3:    It affects your accuracy & damage with ranged weapons and melee
   (-3).
   rF+:       It protects you from fire.
   +Blink:    It lets you blink.
Wands
 a - a wand of mindburst (11)
 b - a wand of digging (12)
 o - a wand of polymorph (15)
 p - a wand of iceblast (8)
 y - a wand of quicksilver (15)
 K - a wand of charming (24)
Scrolls
 c - 4 scrolls of fog
 d - 2 scrolls of vulnerability
 h - 5 scrolls of immolation
 k - 6 scrolls of teleportation
 q - 2 scrolls of silence
 u - a scroll of summoning
 v - 5 scrolls of poison
 E - 8 scrolls of amnesia
 F - a scroll of fear
 L - 5 scrolls of identify
 R - 2 scrolls of blinking
Potions
 e - 6 potions of might
 l - 2 potions of magic
 m - 5 potions of haste
 w - 7 potions of invisibility
 A - 2 potions of mutation
 D - 5 potions of lignification
 G - 12 potions of curing
 H - a potion of attraction
 M - a potion of cancellation
 O - 2 potions of heal wounds
 S - 2 potions of ambrosia
 U - 6 potions of brilliance
Miscellaneous
 i - a phial of floods
 t - a lightning rod (4/4)


   Skills:
 - Level 8.0 Fighting
 - Level 8.1 Staves
 - Level 4.0 Armour
 - Level 8.0 Dodging
 - Level 4.0 Stealth
 - Level 18.8 Spellcasting
 - Level 14.0 Conjurations
 - Level 8.0 Hexes
 - Level 4.0 Translocations
 - Level 10.0 Ice Magic
 + Level 5.4 Air Magic
 - Level 10.0 Earth Magic
 - Level 8.0 Alchemy
 - Level 8.0 Invocations
 - Level 4.0 Evocations


You had 5 spell levels left.
You knew the following spells:

 Your Spells              Type           Power      Damage    Failure   Level
a - Magic Dart            Conj           100%       1d8       0%          1
b - Searing Ray           Conj           100%       2d8       0%          2
c - Irradiate             Conj/Alch      44%        3d26      1%          5
d - Fulminant Prism       Conj/Alch      44%        3d19      1%          4
e - Iskenderun's Mystic   Conj/Tloc      81%        2d16      (+2d91%     4
f - Frozen Ramparts       Ice            100%       1d16      1%          3
g - Tukima's Dance        Hex            77%        N/A       1%          3
h - Yara's Violent Unrav  Hex/Alch       38%        3d15      1%          5
i - Swiftness             Air            67%        N/A       1%          3
j - Freezing Cloud        Conj/Ice/Air   42%        6-21      1%          5
k - Bombard               Conj/Erth      45%        9d8       1%          6
l - Permafrost Eruption   Ice/Erth       42%        2x4d10    3%          6

Your spell library contained the following spells:

 Spells                   Type           Power      Damage    Failure   Level
 Foxfire                  Conj/Fire      100%       2x1d9     1%          1
 Freeze                   Ice            100%       1d10      1%          1
 Necrotise                Necr           100%       1d9       1%          1
 Sandblast                Erth           100%       2d20      1%          1
 Shock                    Conj/Air       100%       1d9       1%          1
 Summon Small Mammal      Summ           100%       N/A       1%          1
 Ensorcelled Hibernation  Hex/Ice        100%       N/A       1%          2
 Lesser Beckoning         Tloc           100%       N/A       1%          2
 Static Discharge         Conj/Air       100%       3-8/arc   1%          2
 Sublimation of Blood     Necr           35%        N/A       1%          2
 Confusing Touch          Hex            77%        N/A       1%          3
 Hailstorm                Conj/Ice       91%        3d15      1%          3
 Inner Flame              Hex/Fire       60%        N/A       1%          3
 Maxwell's Portable Pile  Tloc           60%        2d(11-31) 1%          3
 Ozocubu's Armour         Ice            84%        N/A       1%          3
 Passwall                 Erth           84%        N/A       1%          3
 Stone Arrow              Conj/Erth      100%       3d13      1%          3
 Volatile Blastmotes      Fire/Tloc      100%       2d18      1%          3
 Animate Armour           Summ/Erth      100%       N/A       1%          4
 Brom's Barrelling Bould  Conj/Erth      91%        2d10      1%          4
 Petrify                  Alch/Erth      81%        N/A       1%          4
 Vhi's Electric Charge    Tloc/Air       100%       N/A       1%          4
 Alistair's Intoxication  Alch           51%        N/A       1%          5
 Metabolic Englaciation   Hex/Ice        40%        N/A       1%          5
 Anguish                  Hex/Necr       30%        N/A       2%          4
 Ignite Poison            Fire/Alch      60%        N/A       2%          4
 Passage of Golubria      Tloc           60%        N/A       2%          4
 Sticky Flame             Fire/Alch      60%        2d10      2%          4
 Fireball                 Conj/Fire      36%        3d15      2%          5
 Silence                  Hex/Air        36%        N/A       2%          5
 Call Canine Familiar     Summ           35%        N/A       4%          3
 Fugue of the Fallen      Necr           35%        N/A       4%          3
 Vampiric Draining        Necr           35%        2d8       4%          3
 Summon Mana Viper        Hex/Summ       60%        N/A       8%          5
 Martyr's Knell           Necr/Summ      35%        N/A       14%         4
 Summon Blazeheart Golem  Fire/Summ      35%        N/A       14%         4
 Curse of Agony           Necr           35%        N/A       36%         5
 Conjure Ball Lightning   Conj/Air       41%        3x3d13    3%          6
 Sculpt Simulacrum        Ice/Alch       40%        N/A       5%          6
 Starburst                Conj/Fire      36%        6d11      12%         6
 Lehudib's Crystal Spear  Conj/Erth      45%        10d11     54%         8
 Plasma Beam              Fire/Air       27%        2x1d39    56%         6
 Summon Cactus Giant      Summ           17%        N/A       91%         6
 Haunt                    Necr/Summ      17%        N/A       100%        7
 Monstrous Menagerie      Summ           17%        N/A       100%        7
 Borgnjor's Revivificati  Necr           17%        N/A       100%        8
 Ignition                 Fire           17%        3d7       100%        8
 Maxwell's Capacitive Co  Air            33%        ∞         100%        8
 Chain Lightning          Conj/Air       41%        3d55      100%        9
 Death's Door             Necr           17%        N/A       100%        9
 Dragon's Call            Summ           17%        N/A       100%        9
 Fire Storm               Conj/Fire      36%        8d9       100%        9


Dungeon Overview and Level Annotations

Branches:
Dungeon (12/15)            Temple (1/1) D:4            Lair (5/5) D:10
  Swamp (4/4) Lair:3        Snake (0/4) Lair:3        Slime (0/5) Lair:5
    Orc (2/2) D:10            Elf (0/3) Orc:2       Ossuary (visited)
  IceCv (visited)         Volcano (visited)

Altars:
Ashenzari
Cheibriados
Dithmenos
Elyvilon
Fedhas
Gozag
Hepliaklqana
Kikubaaqudgha
Makhleb
Nemelex Xobeh
Okawaru
Qazlal
Ru
Sif Muna
Trog
Uskayaw
Vehumet
Wu Jian
Xom
Yredelemnul
Zin
The Shining One

Shops:
D:7 [[   D:12 [   Orc:2 [!=*

Portals:
Pandemonium: Orc:2

Annotations:
D:8 2 transporters
Swamp:4 3 runed translucent doors, ouz's ghost, adept DjCj


Message History

The mystic blast hits the eight-headed hydra!!
The eight-headed hydra is moderately wounded.
The mystic blast hits the swamp dragon but does no damage.
The swamp dragon is heavily wounded.
The mystic blast hits the swamp dragon but does no damage.
The swamp dragon is lightly wounded.
You hear a roar!
You hear a deafening roar!
You hear a roar!
The eight-headed hydra bites you!
The eight-headed hydra completely misses you.
The eight-headed hydra barely misses you.
The eight-headed hydra bites you. x2; The eight-headed hydra bites you!
The eight-headed hydra closely misses you.
The eight-headed hydra bites you!
* * * LOW HITPOINT WARNING * * *
A thorn hunter comes into view.
The swamp dragon completely misses you. The swamp dragon closely misses you.
The swamp dragon tramples you but does no damage.
The swamp dragon bites you but does no damage.
The swamp dragon barely misses you. The swamp dragon closely misses you.
Unknown command.
Okay, then.
Unknown command.
Hit: X) +7 hand axe of Scuffed True Grit {freeze, rC+ Will+ MP+9}
Press: ? - help, Dir - move target, f - swamp dragon
Aim: a swamp dragon (heavily wounded, strong, about 20% to evade the +7 hand axe of Scuffed True Grit)
Okay, then.
Unknown command.
You blink.
Splash!
A five-headed hydra comes into view.
You are engulfed in freezing vapours.
You resist.
* * * LOW HITPOINT WARNING * * *
The five-headed hydra roars!
The swamp dragon roars deafeningly!
The eleionoma shouts!
You hear a roar!
A shambling mangrove comes into view.
The thorn hunter is engulfed in freezing vapours.
Thorny briars emerge from the ground!
The eleionoma hurls a spray of splinters at you.
The spray of wooden splinters hits you!!
You die...

~~..~~..~~~~~~~.<..
.~~.♣=~~~~§~~~.~~~.♣♣
~..~~.~~~~~....~~~(~♣♣
....~♣~~~~~~~....~~.~♣ ^
+##~.♣.~~~~~~.♣♣.~.~.♣.~
.D##~♣♣♣~.~~$~♣♣.....~♣
.!W#♣♣ ♣♣.~~.~☼§.....♣♣
...# ♣♣.~~.§§☼~~.~..♣
.?P# ♣♣~~~~~§§~@~~~.~♣
$P## ♣♣~..~§§D§°~~R..~♣
♣## ♣.~~~~D~DPPPPD..~♣ #
♣.~~~§DD~PPPPPD.~♣
♣♣♣♣♣♣~.~~~D~~PP.°§~.~♣
...~♣.~♣§~~~♣♣♣♣♣f....~♣
~~~~.^.♣...♣♣ ~.~...♣
~~~~.)<♣§§♣♣ .~~§f~~
~§~.♣♣♣§§§ ~~~~.


You could see a thorn hunter, a shambling mangrove, an eleionoma, an
eight-headed hydra (strong), a seven-headed hydra (slow), a five-headed hydra
and 5 swamp dragons.

Vanquished Creatures
  Jorgrun (Swamp:3)
  A ghoul (Swamp:3)
  2 bunyips
  4 eleionomae
  A shambling mangrove (Swamp:3)
  A fire dragon (Volcano)
  Erolcha (Orc:2)
  10 hydras
  8 alligators
  An ogre mage (D:12)
  A boulder beetle (D:12)
  A catoblepas (Lair:3)
  2 ghost crabs (Swamp:3)
  2 two-headed ogres
  A centaur warrior (D:12)
  6 death yaks (Lair:5)
  7 orc high priests (Orc:2)
  Sonja (D:10)
  Amaemon (D:8)
  2 skysharks (Lair:5)
  4 goliath frogs
  9 swamp dragons
  4 spriggan druids
  9 bog bodies
  A necromancer (IceCv)
  A deep elf zephyrmancer (D:12)
  2 orc knights (Orc:2)
  3 lindwurms (Volcano)
  A deep elf pyromancer (D:12)
  2 ugly things
  4 orc sorcerers (Orc:2)
  A wolf spider (D:12)
  5 will-o-the-wisps
  A salamander (Lair:3)
  4 cyclopes
  11 elephants
  A meliai (D:12)
  3 kobold blastminers (Orc:2)
  Joseph (D:10)
  3 black mambas
  A gargoyle (D:12)
  An orange demon (D:8)
  An ice statue (IceCv)
  21 cane toads
  2 rust devils (Orc:2)
  A smoke demon (Volcano)
  5 rime drakes
  3 unseen horrors
  3 kobold demonologists
  10 ice devils (IceCv)
  3 freezing wraiths (IceCv)
  An anaconda simulacrum (IceCv)
  8 komodo dragons
  Psyche (D:10)
  A troll (D:12)
  A bloated husk (Swamp:1)
  2 hellwings (Orc:2)
  8 polar bears
  13 hornets
  6 tyrant leeches
  Prince Ribbit (D:5)
  10 slime creatures (D:12)
  6 dream sheep
  28 blink frogs
  3 dire elephant simulacra (IceCv)
  8 wyverns (Lair:4)
  20 spriggans
  3 shadows
  2 wraiths (D:12)
  4 small abominations (Swamp:3)
  7 basilisks
  3 death yak simulacra (IceCv)
  48 yaks
  Eustachio (D:4)
  A warg (D:10)
  10 steam dragons
  Menkaure (Ossuary)
  Edmund (D:4)
  11 vampire mosquitoes
  4 swamp worms
  A harpy simulacrum (IceCv)
  An acid dragon (D:12)
  2 nagas (Lair:3)
  16 water moccasins
  4 hydra simulacra (IceCv)
  A hell hound (Volcano)
  Duvessa (D:5)
  18 orc warriors
  3 sky beasts
  6 swamp drakes
  3 ice beasts
  5 black bears
  4 boggarts (Lair:5)
  2 ogres
  29 wolves
  10 centaurs
  2 phantoms
  17 bullfrogs
  2 gnoll sergeants
  4 scorpions
  5 cane toad simulacra (IceCv)
  Dowan (D:5)
  13 wights
  7 elephant simulacra (IceCv)
  10 killer bees (D:9)
  An electric eel (Lair:1)
  7 howler monkeys
  3 centaur zombies (Ossuary)
  7 hounds
  A human zombie (Ossuary)
  A jelly (D:5)
  26 orc priests
  A gnoll bouda (Lair:5)
  6 iguanas
  2 sleepcaps
  19 orc wizards
  Natasha (thrice) (D:2)
  6 hell rats (Lair:4)
  4 polar bear simulacra (IceCv)
  A troll simulacrum (IceCv)
  2 spriggan simulacra (IceCv)
  A wolf simulacrum (IceCv)
  2 ogre zombies (Ossuary)
  6 mummies (Ossuary)
  16 gnolls
  2 naga simulacra (IceCv)
  3 adders
  2 shadow imps
  A white imp (IceCv)
  4 ufetubi (D:5)
  6 adder zombies (Ossuary)
  3 dart slugs
  A ribbon worm (D:5)
  60 orcs
  8 ball pythons
  7 endoplasms
  4 giant cockroaches
  7 goblins
  7 hobgoblins
  2 jackals (D:1)
  5 quokkas
  4 bats (D:2)
  9 frilled lizards
  4 goblin zombies (Ossuary)
  A hobgoblin zombie (Ossuary)
  11 kobolds
  3 kobold zombies (Ossuary)
  An orc zombie (Ossuary)
  5 quokka zombies (Ossuary)
  6 rats
  4 rat zombies (Ossuary)
840 creatures vanquished.

Vanquished Creatures (collateral kills)
  2 two-headed ogres
  A vampire mosquito (D:10)
3 creatures vanquished.

Vanquished Creatures (others)
  A tyrant leech (Swamp:1)
  An orc (D:10)
  20 foxfires
  73 fulminant prisms
95 creatures vanquished.

Grand Total: 938 creatures vanquished

Notes
Turn   | Place    | Note
-------+----------+-------------------------------------------
     0 | D:1      | temujin the Deep Elf Conjurer began the quest for the Orb.
     0 | D:1      | Reached XP level 1. HP: 10/10 MP: 6/6
   171 | D:1      | Reached skill level 4 in Spellcasting
   171 | D:1      | Reached XP level 2. HP: 15/15 MP: 7/9
   279 | D:1      | Learned a level 2 spell: Searing Ray
   366 | D:2      | Reached skill level 5 in Spellcasting
   366 | D:2      | Reached XP level 3. HP: 14/19 MP: 8/11
   534 | D:2      | Identified the amulet "Feth" {RegenMP+ Dex+4 Slay+3 SInv}
   578 | D:2      | Reached XP level 4. HP: 24/24 MP: 10/13
   583 | D:2      | Learned a level 4 spell: Iskenderun's Mystic Blast
   588 | D:2      | Learned a level 4 spell: Fulminant Prism
   905 | D:2      | Noticed Natasha
   910 | D:2      | Killed Natasha
   911 | D:2      | Reached skill level 6 in Spellcasting
   933 | D:2      | Reached skill level 1 in Alchemy
   952 | D:2      | Noticed Natasha
   958 | D:2      | Killed Natasha
   959 | D:2      | Reached skill level 1 in Translocations
  1060 | D:1      | Reached XP level 5. HP: 28/28 MP: 12/15
  1342 | D:1      | Found a faded altar of an unknown god.
  1547 | D:2      | Noticed Natasha
  1559 | D:2      | Killed Natasha
  2179 | D:3      | Found a basalt altar of Yredelemnul.
  2189 | D:3      | Found a blossoming altar of Fedhas.
  2193 | D:3      | Found a radiant altar of Vehumet.
  2355 | D:4      | Reached skill level 5 in Conjurations
  2355 | D:4      | Reached XP level 6. HP: 24/32 MP: 14/17
  2361 | D:4      | Learned a level 5 spell: Irradiate
  2410 | D:4      | Found a staircase to the Ecumenical Temple.
  2427 | Temple   | Entered the Ecumenical Temple
  2448 | Temple   | Became a worshipper of Sif Muna the Loreminder
  2721 | D:4      | Noticed Eustachio
  2730 | D:4      | Killed Eustachio
  2765 | D:4      | Reached XP level 7. HP: 36/36 MP: 15/18
  2888 | D:4      | Noticed Edmund
  2900 | D:4      | Killed Edmund
  2901 | D:4      | Reached skill level 1 in Ice Magic
  3540 | D:5      | Entered Level 5 of the Dungeon
  3609 | D:5      | Learned a level 3 spell: Frozen Ramparts
  3759 | D:5      | Reached * piety under Sif Muna
  3796 | D:5      | Found a sand-covered staircase.
  3800 | Ossuary  | Entered an ossuary
  4006 | Ossuary  | Noticed Menkaure
  4010 | Ossuary  | Reached skill level 7 in Spellcasting
  4010 | Ossuary  | Reached skill level 5 in Alchemy
  4013 | Ossuary  | Reached XP level 8. HP: 41/41 MP: 14/20
  4035 | Ossuary  | Killed Menkaure
  4181 | Ossuary  | Reached ** piety under Sif Muna
  4394 | D:5      | Noticed Prince Ribbit
  4403 | D:5      | Killed Prince Ribbit
  4404 | D:5      | Reached skill level 8 in Spellcasting
  4684 | D:5      | Noticed Duvessa
  4695 | D:5      | Killed Duvessa
  4699 | D:5      | Noticed Dowan
  4703 | D:5      | Killed Dowan
  4704 | D:5      | Reached XP level 9. HP: 39/45 MP: 13/23
  4802 | D:5      | You fall into a shaft and drop 2 floors!
  4807 | D:7      | Learned a level 3 spell: Tukima's Dance
  5025 | D:7      | Found an ornate altar of the Wu Jian Council.
  5451 | D:6      | Reached *** piety under Sif Muna
  5521 | D:6      | Reached skill level 9 in Spellcasting
  5695 | D:6      | Reached skill level 10 in Spellcasting
  5711 | D:6      | Learned a level 5 spell: Yara's Violent Unravelling
  5835 | D:6      | Reached skill level 1 in Fighting
  6242 | D:6      | Reached skill level 5 in Hexes
  6394 | D:6      | Identified 2 scrolls of acquirement
  6429 | D:7      | Found Lubreduo's Antique Armour Shop.
  6436 | D:7      | Found Eppayrea's Antique Weapon Boutique.
  6451 | D:7      | Noticed a two-headed ogre
  6458 | D:7      | Killed a two-headed ogre
  6459 | D:7      | Reached XP level 10. HP: 56/56 MP: 19/26
  6571 | D:7      | Found Jepta Zuliull's Armour Shoppe.
  6732 | D:7      | Bought a +1 hat of willpower for 160 gold pieces
  6849 | D:8      | Found a hazy altar of Hepliaklqana.
  6962 | D:8      | Noticed an orange demon
  6965 | D:8      | Killed an orange demon
  6965 | D:8      | Noticed Amaemon
  6974 | D:8      | Killed Amaemon
  6975 | D:8      | Reached skill level 5 in Dodging
  7101 | D:8      | Reached **** piety under Sif Muna
  7485 | D:8      | Found a transporter.
  7489 | D:8      | Noticed an orc high priest
  7500 | D:8      | Found a transporter.
  7773 | D:9      | Reached skill level 1 in Invocations
  7964 | D:9      | Reached XP level 11. HP: 61/61 MP: 19/27
  8074 | D:9      | Found a stormy altar of Qazlal.
  8243 | D:9      | Noticed a sixfirhy
  8555 | D:10     | Entered Level 10 of the Dungeon
  8570 | D:10     | Reached skill level 5 in Invocations
  8572 | D:10     | Noticed a two-headed ogre
  8579 | D:10     | Killed a two-headed ogre
  8691 | D:10     | Reached ***** piety under Sif Muna
  8697 | D:10     | Noticed Psyche
  8712 | D:10     | Noticed Joseph
  8766 | D:10     | Killed Psyche
  8774 | D:10     | Killed Joseph
  8924 | D:10     | Found a staircase to the Orcish Mines.
  9127 | D:10     | Noticed Sonja
  9132 | D:10     | Killed Sonja
  9153 | D:10     | Reached skill level 5 in Fighting
  9202 | D:10     | Received a gift from Sif Muna
  9203 | D:10     | Got Xofywk's Annotations on Flying Soot {god gift}
  9278 | D:10     | Learned a level 3 spell: Swiftness
  9386 | D:10     | Found a staircase to the Lair.
  9909 | D:11     | Reached skill level 1 in Air Magic
 10010 | D:11     | Acquired 986 gold pieces
 10011 | D:11     | Acquired a book of Geomancy
 10262 | D:11     | Noticed a two-headed ogre
 10268 | D:11     | Killed a two-headed ogre
 10566 | D:11     | Reached XP level 12. HP: 68/72 MP: 22/28
 10860 | D:12     | Found Zeyh's Armour Shop.
 11005 | D:12     | Noticed a centaur warrior
 11011 | D:12     | Killed a centaur warrior
 11255 | Lair:1   | Entered Level 1 of the Lair of Beasts
 11387 | Lair:1   | Reached skill level 11 in Spellcasting
 11599 | Lair:1   | Reached skill level 12 in Spellcasting
 11605 | Lair:1   | Learned a level 5 spell: Freezing Cloud
 11789 | Lair:1   | Reached skill level 10 in Conjurations
 11854 | Lair:1   | Reached skill level 1 in Evocations
 12496 | Lair:2   | Identified the ring "Qeck" {+Blink rF+ Int+6 Slay-3}
 12548 | Lair:2   | Reached XP level 13. HP: 78/78 MP: 28/31
 13481 | Lair:3   | Reached skill level 1 in Earth Magic
 13862 | Lair:3   | Found a staircase to the Swamp.
 14129 | Lair:3   | Found a staircase to the Snake Pit.
 15184 | Lair:4   | Received a gift from Sif Muna
 15185 | Lair:4   | Got Nuneist's Spellbook of Adjuration {god gift}
 15404 | Lair:4   | Reached skill level 13 in Spellcasting
 15994 | Lair:5   | Entered Level 5 of the Lair of Beasts
 15995 | Lair:5   | Found a dark tunnel.
 16025 | Volcano  | Entered a volcano
 16173 | Volcano  | Noticed a fire dragon
 16183 | Volcano  | Killed a fire dragon
 16184 | Volcano  | Reached skill level 14 in Spellcasting
 16335 | Lair:5   | Reached XP level 14. HP: 60/84 MP: 14/34
 16450 | Lair:5   | Reached skill level 15 in Spellcasting
 16481 | Lair:5   | Reached skill level 16 in Spellcasting
 16611 | Lair:5   | Reached skill level 17 in Spellcasting
 17070 | Lair:5   | Received a gift from Sif Muna
 17074 | Lair:5   | Got Sif Muna's Compendium of the Incinerated Deep Freeze
                  | {god gift}
 17084 | Lair:5   | Reached skill level 18 in Spellcasting
 17383 | Lair:5   | Found a staircase to the Slime Pits.
 18200 | Lair:5   | Learned a level 6 spell: Bombard
 18207 | Lair:5   | Learned a level 6 spell: Permafrost Eruption
 18334 | Orc:1    | Entered Level 1 of the Orcish Mines
 18411 | Orc:2    | Entered Level 2 of the Orcish Mines
 18411 | Orc:2    | Found a burning altar of Makhleb.
 18423 | Orc:2    | Found a frozen archway.
 18432 | IceCv    | Entered an ice cave
 18936 | IceCv    | Reached skill level 5 in Earth Magic
 18942 | IceCv    | Reached skill level 5 in Ice Magic
 18995 | IceCv    | Identified the ring of Xohoumn {rN+ Stlth+}
 19245 | IceCv    | Found an ancient bone altar of Kikubaaqudgha.
 19251 | IceCv    | Received a gift from Sif Muna
 19252 | IceCv    | Reached XP level 15. HP: 88/88 MP: 8/39
 19305 | IceCv    | Got Ytisir's Atlas of Overcast Space {god gift}
 19806 | Orc:2    | Found a staircase to the Elven Halls.
 19930 | Orc:2    | Found Etemid's General Store.
 19933 | Orc:2    | Found Igerr's Distillery.
 20075 | Orc:2    | Bought a scroll of blinking for 90 gold pieces
 20077 | Orc:2    | Bought a potion of curing for 42 gold pieces
 20077 | Orc:2    | Bought a potion of curing for 42 gold pieces
 20432 | Orc:2    | Found Juzac's Antique Armour Boutique.
 20432 | Orc:2    | Found Zoasi Zub's Jewellery Shop.
 20433 | Orc:2    | Found a one-way gate leading to the halls of Pandemonium.
 20534 | Orc:2    | Noticed Erolcha
 20537 | Orc:2    | Killed Erolcha
 21391 | D:12     | Reached skill level 1 in Armour
 21653 | D:12     | Received a gift from Sif Muna
 21792 | D:12     | Bought the +4 pair of boots of the Dice {rPois Dex+2} for
                  | 438 gold pieces
 22009 | D:12     | Identified the +7 hand axe of Scuffed True Grit {freeze,
                  | rC+ Will+ MP+9}
 22012 | D:12     | Reached skill level 1 in Staves
 22061 | D:12     | Got Fullaat's Compendium of Nigredo and Glamour {god gift}
 22226 | D:12     | Identified the +4 battleaxe of Oozing Pus {freeze, rPois
                  | Int+3}
 22548 | Swamp:1  | Entered Level 1 of the Swamp
 22700 | Swamp:1  | Reached skill level 5 in Staves
 23427 | Swamp:2  | You fall into a shaft and drop 1 floor!
 23482 | Swamp:3  | Reached XP level 16. HP: 71/93 MP: 8/40
 24014 | Swamp:3  | Noticed Jorgrun
 24038 | Swamp:3  | Killed Jorgrun
 24198 | Swamp:3  | Received a gift from Sif Muna
 24235 | Swamp:3  | Got Sif Muna's Handbook of Pyromania {god gift}
 24630 | Swamp:4  | Entered Level 4 of the Swamp
 24806 | Swamp:4  | Noticed ouz's ghost (adept DjCj)
 24806 | Swamp:4  | Found a runed translucent gate.
 24806 | Swamp:4  | Found a runed translucent gate.
 24806 | Swamp:4  | Found a runed translucent gate.
 24883 | Swamp:4  | Reached skill level 10 in Ice Magic
 24883 | Swamp:4  | Reached skill level 10 in Earth Magic
 24899 | Swamp:4  | Reached skill level 5 in Air Magic
 24910 | Swamp:4  | Noticed a thorn hunter
 24911 | Swamp:4  | Killed from afar by an eleionoma

Illustrated notes

Levels and vault maps discovered:
D:1:      dpeg_arrival_another_circle, layout_rooms,
          ebering_ecumenical_altar_abandoned
D:2:      layout_basic, minivault_25, kennysheep_generic_room_14, uniq_natasha
D:3:      layout_rooms, minmay_overflow_temple_star_quad,
          minmay_misc_feat_plants, grunt_ministairs_8
D:4:      layout_loops_corners, minmay_temple_entry_sparse_star, uniq_eustachio,
          uniq_edmund
D:5:      layout_loops_ring, enter_ossuary_5, minivault_4, uniq_duvessa,
          uniq_prince_ribbit1
D:6:      layout_gridville, nicolae_titane
D:7:      layout_basic, mainiacjoe_overflow_catwalk, serial_shops, shop, shop,
          kennysheep_little_box
D:8:      gammafunk_wand_slinger, layout_loops_ring, lemuel_crystal_altar,
          uniq_amaemon
D:9:      layout_basic, mainiacjoe_overflow_cross_hatched,
          minmay_misc_feat_cross
D:10:     layout_loops_ring, erik_lair_orcish_takeover, erik_orc_4, uniq_psyche,
          uniq_sonja, uniq_joseph
D:11:     layout_basic
D:12:     minmay_the_grid_four_pointed_star_mashed
          [minmay_the_grid_triangle_9x9_sparse_checkered,
          minmay_the_grid_triangle_9x9_steps,
          minmay_the_grid_triangle_9x9_skeleton,
          minmay_the_grid_triangle_9x9_cache,
          minmay_the_grid_prize_four_corners_diamond_b], layout_stronghold,
          serial_shops, shop
Temple:   nicolae_temple_slightly_damp_pantheon
Lair:1:   layout_chaotic_city, chequers_serial_rivers_micro_e,
          lemuel_fruit_tree, serial_bayou_shore_a, grunt_megastairs_5,
          infiniplex_staircase_pool_2
Lair:2:   layout_concentric_octagons, serial_bayou_pond_c
Lair:3:   layout_cave_pods, minmay_swamp_entry_reptiles,
          alex1729_snake_entry_snake
Lair:4:   layout_small_grid, special_room [special_room_mythical_zoo],
          st_stairs_6
Lair:5:   minmay_lair_end_enchanted_forest, layout_cave_shapes,
          dpeg_slime_entry_enclosed, lightli_volcano_entry_magma_tube,
          dreamdust_gnoll_shepherd
Swamp:1:  layout_basic_swamp, evilmike_swamp_ruin_house_2, swamp_pool_5
Swamp:2:  layout_basic_swamp, evilmike_swamp_ruin_rubble_1, swamp_pool_1_2,
          nicolae_swamp_stair_fork, hangedman_swamp_double_dragon
Swamp:3:  layout_basic_swamp, evilmike_swamp_ruin_house_4, swamp_pool_4,
          nicolae_swamp_bean_lake, hangedman_swamp_ravenous,
          infiniplex_staircase_pool, uniq_jorgrun
Swamp:4:  swamp, layout_basic_swamp, gammafunk_ghost_hydra_chop, swamp_pool_1_2
Orc:1:    layout_caves, uniq_nergalle
Orc:2:    pf_orc_diabolical, layout_diamond_mine,
          portal_ice_cave_entry_pillars_2, bloody_makhleb, uniq_erolcha

Skill      XL: |  1  2  3  4  5  6  7  8  9 10 11 12 13 14 15 16 |
---------------+-------------------------------------------------+-----
Spellcasting   | 4 5 6 7 8 10 12 14 18 | 18.8
Alchemy        | 1 2 4 5 6 8 |  8.0
Translocations | 1 2 4 |  4.0
Conjurations   | 5 6 7 8 11 14 | 14.0
Ice Magic      | 2 4 5 8 10 | 10.0
Hexes          | 6 8 |  8.0
Fighting       | 3 4 7 8 |  8.0
Dodging        | 8 |  8.0
Invocations    | 3 8 |  8.0
Air Magic      | 4 5 |  5.4
Evocations     | 4 |  4.0
Stealth        | 4 |  4.0
Earth Magic    | 4 5 8 10 | 10.0
Armour         | 4 |  4.0
Staves         | 8 |  8.1

Action                     |  1- 3 |  4- 6 |  7- 9 | 10-12 | 13-15 | 16-18 || total
---------------------------+-------+-------+-------+-------+-------+-------++-------
  Melee: Spear             |     1 |     4 |       |       |       |       ||     5
         Dagger            |       |    11 |    10 |       |       |       ||    21
         Unarmed           |       |     2 |       |       |       |       ||     2
         Staff             |       |       |     8 |    22 |    49 |       ||    79
         Hand axe          |       |       |       |       |     2 |       ||     2
   Cast: Magic Dart        |    38 |    72 |   148 |   118 |    98 |     6 ||   480
         Searing Ray       |     3 |    13 |    54 |    47 |    18 |       ||   135
         Fulminant Prism   |       |       |     7 |    29 |    36 |     1 ||    73
         Frozen Ramparts   |       |       |     8 |    39 |       |       ||    47
         Iskenderun's Myst |       |       |     6 |    35 |   111 |    15 ||   167
         Tukima's Dance    |       |       |     1 |     3 |       |       ||     4
         Irradiate         |       |       |       |     1 |       |       ||     1
         Yara's Violent Un |       |       |       |     1 |     2 |       ||     3
         Freezing Cloud    |       |       |       |    14 |   194 |    21 ||   229
         Bombard           |       |       |       |       |    91 |    29 ||   120
         Permafrost Erupti |       |       |       |       |    16 |    25 ||    41
         Swiftness         |       |       |       |       |     1 |       ||     1
 Invoke: Channel Magic     |       |       |       |       |    11 |     4 ||    15
Ability: Evoke Blink       |       |       |       |       |     1 |     1 ||     2
    Use: Potion            |     1 |       |       |       |       |       ||     1
         Scroll            |       |       |    19 |    10 |     4 |       ||    33
   Stab: Sleeping          |       |     2 |     1 |       |     1 |       ||     4
 Armour: Robe              |     5 |    16 |    30 |       |    12 |       ||    63
         Skin              |       |     3 |       |       |       |       ||     3
         Steam dragon scal |       |       |    12 |    55 |    40 |       ||   107
         Leather armour    |       |       |       |       |    24 |    41 ||    65
  Dodge: Dodged            |     1 |    17 |    47 |    89 |   100 |    20 ||   274

Table legend: (Time is in decaauts)
 A = Elapsed time spent in this place.
 B = Non-inter-level travel time spent in this place.
 C = Inter-level travel time spent in this place.
 D = Time resting spent in this place.
 E = Time spent auto-exploring this place.
 F = Levels seen in this place.
 G = Mean time per level.
                   A        B        C        D        E       F      G
               +--------+--------+--------+--------+--------+-----+--------+
         Total |  25090 |  23857 |   1233 |   2556 |  17178 |  27 |  929.3 |
       Dungeon |  12342 |  11557 |    785 |   1173 |   8563 |  12 | 1028.5 |
        Temple |     42 |      1 |     41 |      0 |      0 |   1 |   42.0 |
          Lair |   6882 |   6580 |    302 |    756 |   4823 |   5 | 1376.4 |
         Swamp |   2499 |   2450 |     49 |    158 |   1858 |   4 |  624.8 |
  Orcish Mines |   1544 |   1490 |     54 |    282 |    938 |   2 |  772.0 |
       Ossuary |    537 |    537 |      0 |      4 |    392 |   1 |  537.0 |
      Ice Cave |    979 |    979 |      0 |    183 |    525 |   1 |  979.0 |
       Volcano |    261 |    261 |      0 |      0 |     78 |   1 |  261.0 |
               +--------+--------+--------+--------+--------+-----+--------+

Top non-repeatable levels by time:
  Lair:5: 1996 daAuts
    D:12: 1909 daAuts
  Lair:3: 1527 daAuts
   Orc:2: 1457 daAuts
    D:10: 1367 daAuts
 Swamp:3: 1345 daAuts
     D:4: 1277 daAuts
  Lair:4: 1217 daAuts
  Lair:1: 1072 daAuts
  Lair:2: 1069 daAuts
    D:11: 1051 daAuts
     D:2: 995 daAuts
     D:9: 983 daAuts
   IceCv: 979 daAuts
     D:7: 939 daAuts
